Match 20722993
Unlisted

Match 20722993
End
Construct Section Command Post
Royal Engineer Section
Infantry Section
Selects Indian Artillery Battlegroup
Infantry Section
Selects Valour
Vickers Machine Gun Team
Dingo Light Scout Car
Construct Platoon Command Post
AI Takeover
osaka04
Jesulin
PAUG.S®
WilllTHENOOBz
NEP_wilson_NEP
Walther
0
0

Comments sign in to comment!

No comments posted yet!